 Dungeon Crawl Stone Soup version 0.31-a0-229-g1fc7ce93e2 (webtiles) character file.

Game seed: 370432033915112

265 qw the Shooter (level 6, -8/37 HPs)
             Began as a Gargoyle Hexslinger on July 6, 2023.
             Killed by divine providence
             ... invoked by an orc priest
              (16 damage)
             ... on level 3 of the Dungeon.
             The game lasted 00:00:44 (1533 turns).

qw the Shooter (Gargoyle Hexslinger)                Turns: 1533, Time: 00:00:44

Health: -8/37      AC:  9    Str: 12    XL:     6   Next: 20%
Magic:  7/7        EV: 11    Int: 13    God:
Gold:   42         SH:  0    Dex: 14    Spells: 6/7 levels left

rFire   . . .        Y - +1 sling
rCold   . . .        (no shield)
rNeg    + + .        m - +0 leather armour
rPois   inf          i - +0 helmet
rElec   +            (no cloak)
rCorr   .            g - +0 pair of gloves
SInv    .            (no boots)
Will    .....        (no amulet)
Stlth   +            h - ring of positive energy
HPRegen 0.26/turn    (no ring)
MPRegen 0.10/turn

%: no passive effects
@: about to teleport
A: sickness immunity, AC +4, negative energy resistance 1, electricity
resistance, torment resistance 1, petrification resistance
a: no special abilities


You were on level 3 of the Dungeon.
You visited 1 branch of the dungeon, and saw 3 of its levels.

You collected 42 gold pieces.


Innate Abilities, Weirdness & Mutations

You are immune to sickness and miasma.
Your stone body is resilient. (AC +4)
You are immune to poison.
You resist negative energy. (rN+)
You are resistant to electric shocks. (rElec)
You are resistant to unholy torment.
You are immune to petrification.


   Skills:
 - Level 3.1 Fighting
 + Level 5.4 Ranged Weapons
 - Level 1.3 Armour
 - Level 1.5 Dodging
 - Level 1.0 Spellcasting
 - Level 2.6 Hexes


You had 6 spell levels left.
You knew the following spells:

 Your Spells              Type           Power      Damage    Failure   Level
a - Slow                  Hex            28%        N/A       12%         1

Your spell library contained the following spells:

 Spells                   Type           Power      Damage    Failure   Level
 Inner Flame              Hex/Fire       4%         N/A       52%         3
 Portal Projectile        Hex/Tloc       8%         N/A       52%         3
 Cause Fear               Hex            3%         N/A       75%         4

Inventory:

Hand Weapons
 Y - a +1 sling (weapon)
Armour
 g - a +0 pair of gloves (worn)
 i - a +0 helmet (worn)
 m - a +0 leather armour (worn)
Jewellery
 h - a ring of positive energy (left hand)
Scrolls
 f - a scroll of identify
Potions
 a - a potion of brilliance {unknown}
 d - a potion of haste {unknown}
 e - a potion of curing
 j - a potion of berserk rage {unknown}
 k - 2 potions of enlightenment

Dungeon Overview and Level Annotations

Branches:
Dungeon (3/15)

Altars:

Shops:
D:1 ![

Annotations:
D:1 2 transporters


Message History

You shoot a sling bullet.
The sling bullet completely misses the orc priest.
The sling bullet closely misses the orc.
The orc priest hits you with a +0 flail.
The orc priest closely misses you.
You shoot a sling bullet.
The sling bullet hits the orc priest but does no damage.
The orc priest barely misses you.
You shoot a sling bullet. The sling bullet hits the orc priest.
The orc priest is moderately wounded.
The orc priest hits you with a +0 flail.
You shoot a sling bullet. The sling bullet hits the orc priest.
The orc priest is heavily wounded.
The orc priest barely misses you.
You shoot a sling bullet.
The sling bullet closely misses the orc priest.
The sling bullet barely misses the orc.
The orc priest barely misses you.
You shoot a sling bullet. The sling bullet hits the orc priest.
The orc priest is severely wounded.
The orc priest hits you with a +0 flail!
You shoot a sling bullet.
The sling bullet hits the orc priest but does no damage.
The orc priest is severely wounded.
The orc priest hits you with a +0 flail.
You shoot a sling bullet. The sling bullet hits the orc priest.
The orc priest is almost dead.
The orc priest hits you but does no damage.
The orc priest miscasts a cantrip.
You shoot a sling bullet.
The sling bullet hits the orc priest but does no damage.
The orc priest is almost dead.
The orc priest mumbles some strange prayers to Beogh against you.
Beogh smites you!
1533 ||| READING scroll of teleportation.
As you read the scroll of teleportation, it crumbles to dust.
You feel strangely unstable.
The orc priest mumbles some strange prayers to Beogh against you.
Beogh smites you!
You die...

......######......########
..................#
###.#######.......# #.#
#.####'## #.#######.##...#
###'#.....#....###
......###........#
......#......###.#
......#.#.#..# #@#
###.#..<.....# #o#
#....>........o.)og...
#.......##.#######o...
#.......# .. #.......#
#...%...# #.......#
#.......#


You could see an orc priest and an orc.

Vanquished Creatures
  Sigmund (D:2)
  An orc wizard (D:3)
  3 adders (D:2)
  A worm (D:2)
  A dart slug (D:2)
  2 orcs (D:3)
  3 ball pythons
  8 endoplasms
  2 giant cockroaches (D:2)
  7 goblins
  3 hobgoblins
  4 kobolds
  2 quokkas (D:2)
  2 bats
  11 rats
51 creatures vanquished.

Notes
Turn   | Place    | Note
-------+----------+-------------------------------------------
     0 | D:1      | qw the Gargoyle Hexslinger began the quest for the Orb.
     0 | D:1      | Reached XP level 1. HP: 12/12 MP: 2/2
     0 | D:1      | 0 ||| qw: Version: 0.3-a-46-gb1f654a
     0 | D:1      | 0 ||| qw: Game counter: 1426
     0 | D:1      | 0 ||| qw: Melee chars always use a shield: true
     0 | D:1      | 0 ||| qw: God list: Okawaru
     0 | D:1      | 0 ||| qw: Allow faded altars: false
     0 | D:1      | 0 ||| qw: Do Orc after clearing Dungeon:15 true
     0 | D:1      | 0 ||| qw: Do second Lair branch before Depths: true
     0 | D:1      | 0 ||| qw: Lair rune preference: random
     0 | D:1      | 0 ||| qw: Goals: Normal
     0 | D:1      | 0 ||| PLANNING D:1-11
    46 | D:1      | Found a faded altar of an unknown god.
    56 | D:1      | Reached XP level 2. HP: 16/16 MP: 3/3
    80 | D:1      | Reached skill level 3 in Ranged Weapons
   105 | D:1      | Found Ehidd's Distillery.
   113 | D:1      | 113 ||| SHOPLISTING potion of cancellation (104 gold, have
                  | 7).
   113 | D:1      | 113 ||| SHOPLISTING potion of curing (39 gold, have 7).
   113 | D:1      | 113 ||| SHOPLISTING potion of haste (130 gold, have 7).
   113 | D:1      | 113 ||| SHOPLISTING potion of mutation (104 gold, have 7).
   335 | D:1      | Found a transporter.
   336 | D:1      | Found Xichixzo's Antique Armour Boutique.
   428 | D:1      | Reached XP level 3. HP: 21/21 MP: 4/4
   553 | D:1      | Found a transporter.
   651 | D:1      | 651 ||| UPGRADING to +0 pair of gloves.
   656 | D:1      | 656 ||| UPGRADING to +0 leather armour.
   666 | D:1      | 666 ||| DROPPING +0 robe.
   667 | D:1      | 667 ||| READING scroll labelled HEAL POCINKY.
   668 | D:1      | 668 ||| READING scroll labelled SEACER FINA.
   669 | D:1      | 669 ||| READING scroll labelled SACWIDDY BUGUWK.
   670 | D:1      | 670 ||| READING scroll labelled JILEYNNINUD.
   671 | D:1      | 671 ||| READING scroll labelled PUAKLE KESH.
   672 | D:1      | 672 ||| DROPPING scroll of poison.
   756 | D:2      | Noticed Sigmund
   767 | D:2      | Killed Sigmund
   768 | D:2      | Reached skill level 5 in Ranged Weapons
   768 | D:2      | Reached XP level 4. HP: 17/26 MP: 5/5
   768 | D:2      | Reached XP level 5. HP: 19/30 MP: 6/6
  1302 | D:2      | Reached XP level 6. HP: 36/36 MP: 7/7
  1344 | D:2      | Reached skill level 3 in Fighting
  1398 | D:2      | 1398 ||| UPGRADING to +0 helmet.
  1403 | D:2      | 1403 ||| UPGRADING to ring of positive energy.
  1404 | D:2      | 1404 ||| READING scroll labelled DISCHO GILATRIR.
  1405 | D:2      | 1405 ||| READING scroll labelled LICVIXK YLAOXTORIX.
  1410 | D:2      | 1410 ||| READING scroll labelled ZASMIG SADA.
  1411 | D:2      | 1411 ||| DRINKING 2 inky potions.
  1412 | D:2      | 1412 ||| DRINKING 3 lumpy cyan potions.
  1509 | D:3      | 1509 ||| Stepping ~*~*~tactically~*~*~ (outnumbered).
  1511 | D:3      | 1511 ||| Stepping ~*~*~tactically~*~*~ (outnumbered).
  1523 | D:3      | Reached skill level 1 in Armour
  1532 | D:3      | HP: 8/37 [orc priest/divine providence (9)]
  1533 | D:3      | 1533 ||| READING scroll of teleportation.
  1533 | D:3      | Killed from afar by an orc priest

Levels and vault maps discovered:
D:1:      lightli_arrival_flooded_house, layout_loops_ring,
          hellmonk_ecumenical_altar_arch_garden, serial_shops,
          nicolae_shop_drivethru, shop
D:2:      layout_loops_ring, uniq_sigmund
D:3:      layout_basic, minitemple

Skill      XL: |  1  2  3  4  5  6 |
---------------+-------------------+-----
Ranged Weapons | 3 5 |  5.4
Fighting       | 2 3 |  3.1
Armour         | 1 |  1.3
Dodging        | |  1.5
Spellcasting   | |  1.0
Hexes          | |  2.6

Action                     |  1- 3 |  4- 6 || total
---------------------------+-------+-------++-------
   Fire: Sling             |    74 |   110 ||   184
    Use: Scroll            |     5 |     4 ||     9
         Potion            |       |     2 ||     2
 Armour: Robe              |     5 |       ||     5
         Leather armour    |     3 |    19 ||    22
  Dodge: Dodged            |    27 |    41 ||    68

Table legend:
 A = Non-vault XP
 B = Vault XP
 C = Vault XP percentage of total XP
 D = Non-vault monster count
 E = Vault monster count
 F = Vault count percentage of total count
                 A         B        C        D         E       F
            +---------+---------+-------+---------+---------+-------
      Total |     156 |     223 |  58.8 |      50 |       1 |   2.0
            +---------+---------+-------+---------+---------+-------
        D:1 |      34 |       0 |   0.0 |      21 |       0 |   0.0
        D:2 |      78 |     223 |  74.1 |      24 |       1 |   4.0
        D:3 |      44 |       0 |   0.0 |       5 |       0 |   0.0
            +---------+---------+-------+---------+---------+-------
